 Dungeon Crawl Stone Soup version 0.19.5 (webtiles) character file.

95 pimpchat the Sneak (level 4, -12/21 HPs)
             Began as a Vine Stalker Enchanter on May 4, 2017.
             Mangled by pimpchat's ghost (14 damage)
             ... on level 3 of the Dungeon.
             The game lasted 00:14:16 (1434 turns).

pimpchat the Sneak (Vine Stalker Enchanter)         Turns: 1434, Time: 00:14:18

Health: -12/21     AC:  3    Str: 11    XL:     4   Next: 65%
Magic:  0/9        EV: 12    Int: 15    God:
Gold:   86         SH:  0    Dex: 15    Spells: 1 memorised, 7 levels left

rFire  . . .     SeeInvis .     a - +1 dagger
rCold  . . .     Gourm    .     b - +1 robe
rNeg   . . .     Faith    .     (no shield)
rPois  .         Spirit   +     (no helmet)
rElec  .         Reflect  .     n - -1 cloak (curse)
rCorr  .         Harm     .     (no gloves)
MR     .....                    (no boots)
Stlth  +++.......               (no amulet)
                                (no ring)
                                (no ring)

@: no status effects
A: fangs 2, regeneration 1, magic shield, antimagic bite, no device heal 3, rot
immunity
a: no special abilities


You were on level 3 of the Dungeon.
You were not hungry.

You visited 1 branch of the dungeon, and saw 3 of its levels.

You collected 86 gold pieces.

Inventory:

Hand Weapons
 a - a +1 dagger (weapon)
Missiles
 e - 7 javelins (quivered)
 o - 20 arrows
 t - 13 bolts
Armour
 b - a +1 robe (worn)
 f - a +0 scale mail
 n - a cursed -1 cloak (worn)
 p - a +0 robe
Scrolls
 k - 2 scrolls of remove curse {unknown}
 s - a scroll of identify {unknown}
Potions
 h - a potion of ambrosia {unknown}
 i - a potion of lignification {unknown}
 j - a potion of magic {unknown}
 m - a potion of cancellation {unknown}
 r - 2 potions of heal wounds {unknown}
Books
 c - a book of Maledictions

   Spells                             Type                      Level
   a - Corona                         Hexes                        1
   b - Ensorcelled Hibernation        Hexes/Ice                    2
   c - Confuse                        Hexes                        3
   d - Tukima's Dance                 Hexes                        3
   e - Dazzling Spray                 Conjuration/Hexes            3
Comestibles
 d - 2 bread rations
 g - a beef jerky
 l - 2 fruits
 q - 4 chunks of flesh


   Skills:
 + Level 0.6 Fighting
 + Level 1.6 Short Blades
 + Level 1.2 Armour
 + Level 1.8 Dodging
 + Level 4.1 Stealth
 + Level 2.7 Spellcasting
 + Level 3.6 Hexes


You had 7 spell levels left.
You knew the following spells:

 Your Spells              Type           Power        Failure   Level  Hunger
a - Corona                Hex            ##.....      6%          1    #......


Dungeon Overview and Level Annotations

Branches:
Dungeon (3/15)

Altars:
Trog

Annotations:
D:3 pimpchat's ghost, weakling GrFi


Innate Abilities, Weirdness & Mutations

You have extremely sharp teeth.
Your natural rate of healing is unusually fast.
When hurt, damage is shared between your health and your magic reserves.
Your bite disrupts and absorbs the magic of your enemies.
Potions and wands cannot restore your health.
You are immune to rotting.


Message History

Pimpchat's ghost misses you.
You hit pimpchat's ghost but do no damage.
Your bite misses pimpchat's ghost.
Pimpchat's ghost is heavily damaged.
Pimpchat's ghost stops glowing.
Pimpchat's ghost hits you!
* * * LOW HITPOINT WARNING * * *
You hit pimpchat's ghost. Your bite misses pimpchat's ghost.
Pimpchat's ghost is severely damaged.
Pimpchat's ghost misses you.
You barely miss pimpchat's ghost. You bite pimpchat's ghost.
You drain its power.
You feel invigorated.
Pimpchat's ghost is severely damaged.
Pimpchat's ghost hits you!
* * * LOW HITPOINT WARNING * * *
You hit pimpchat's ghost.
You bite pimpchat's ghost, but do no damage.
Pimpchat's ghost is almost destroyed.
Pimpchat's ghost hits you!
Ouch! That really hurt!
You die...

####.# ...... .....
#... #. #... .. .
#.#.## .# ...#....###.#
#.........# #####.@.###
#.W.# #...# ##### ##
#...#######.... ..#
#####...##......# ..#
................####..#
................##.....
........).......##..#.#
#####...##....†.##....#


You could see pimpchat's ghost.

Vanquished Creatures
  Terence (D:3)
  An orc wizard (D:3)
  A shadow imp (D:3)
  A dart slug (D:2)
  A leopard gecko (D:2)
  3 orcs
  2 giant cockroaches
  3 goblins
  3 hobgoblins (D:2)
  A quokka (D:2)
  4 bats
  A frilled lizard (D:2)
  7 kobolds (D:2)
  4 rats (D:2)
33 creatures vanquished.

Notes
Turn   | Place    | Note
-------+----------+-------------------------------------------
     0 | D:1      | pimpchat the Vine Stalker Enchanter began the quest for the Orb.
     0 | D:1      | Reached XP level 1. HP: 9/9 MP: 4/4
   323 | D:2      | Reached XP level 2. HP: 13/13 MP: 6/6
   364 | D:2      | Reached skill level 4 in Stealth
   575 | D:2      | Reached skill level 1 in Short Blades
   895 | D:2      | Reached XP level 3. HP: 15/17 MP: 7/7
  1012 | D:3      | Found a bloodstained altar of Trog.
  1233 | D:3      | Reached skill level 1 in Armour
  1233 | D:3      | Gained mutation: Your natural rate of healing is unusually fast. [Vine Stalker growth]
  1233 | D:3      | Reached XP level 4. HP: 14/21 MP: 8/8
  1292 | D:3      | Noticed Terence
  1326 | D:3      | Killed Terence
  1422 | D:3      | Noticed pimpchat's ghost (weakling GrFi)
  1433 | D:3      | HP: 1/21 [pimpchat's ghost (5)]
  1434 | D:3      | Mangled by pimpchat's ghost

Skill      XL: |  1  2  3 |
---------------+----------+-----
Stealth        | 4 |  4.1
Short Blades   | 1 |  1.6
Armour         | 1 |  1.2
Fighting       | |  0.6
Dodging        | |  1.8
Spellcasting   | |  2.7
Hexes          | |  3.6

Action                   |  1- 3 |  4- 6 || total
-------------------------+-------+-------++-------
Melee: Dagger            |   144 |    42 ||   186
       Bite              |    27 |    11 ||    38
 Cast: Corona            |     7 |     7 ||    14
  Eat: Bread ration      |     1 |       ||     1
Armor: Scale mail        |    83 |       ||    83
       Robe              |     9 |     3 ||    12
Dodge: Dodged            |    80 |    18 ||    98
